 Dungeon Crawl Stone Soup version 0.31-a0-236-g9a0961fb85 (webtiles) character file.

Game seed: 12769751963705447554

514 Midn8 the Shooter (level 7, -2/46 HPs)
             Began as an Octopode Conjurer on July 10, 2023.
             Engulfed by a steam dragon's steam (8 damage)
             ... on level 5 of the Dungeon.
             The game lasted 00:07:46 (4026 turns).

Midn8 the Shooter (Octopode Conjurer)               Turns: 4026, Time: 00:07:46

Health: -2/46      AC:  1    Str:  6    XL:     7   Next: 20%
Magic:  10/10      EV: 13    Int: 20    God:
Gold:   253        SH:  0    Dex: 13    Spells: 7/10 levels left

rFire   . . .        d - +2 longbow
rCold   . . .        (shield currently unavailable)
rNeg    . . .        (helmet restricted)
rPois   +            j - amulet of magic regeneration
rElec   .            m - ring of poison resistance
rCorr   .            (no ring)
SInv    .            (no ring)
Will    .....        (no ring)
Stlth   +++          (no ring)
HPRegen 0.27/turn    (no ring)
MPRegen 0.52/turn    (no ring)
                     (no ring)

%: no passive effects
@: no status effects
A: almost no armour, amphibious, 8 rings, camouflage 1, gelatinous body 1,
(nimble swimmer 1), tentacles
a: no special abilities


You were on level 5 of the Dungeon.
You visited 1 branch of the dungeon, and saw 6 of its levels.

You collected 253 gold pieces.

Inventory:

Hand Weapons
 b - a +0 dagger
 d - a +2 longbow (weapon)
Jewellery
 j - an amulet of magic regeneration (around mantle)
 k - an amulet of faith
 m - a ring of poison resistance (left tentacle)
Scrolls
 c - 2 scrolls of revelation
 f - 5 scrolls of teleportation
 i - a scroll of poison
 p - a scroll of acquirement {unknown}
Potions
 a - a potion of magic
 e - 2 potions of lignification
 g - a potion of curing
 h - 3 potions of berserk rage {unknown}
 l - a potion of enlightenment
 n - a potion of resistance
 o - a potion of degeneration {unknown}


   Skills:
 - Level 3.0 Fighting
 - Level 6.0 Ranged Weapons
 + Level 2.6 Dodging
 - Level 3.5 Stealth
 - Level 2.0 Spellcasting
 - Level 4.0 Conjurations


You had 7 spell levels left.
You knew the following spells:

 Your Spells              Type           Power      Damage    Failure   Level
a - Magic Dart            Conj           72%        1d6       3%          1
s - Searing Ray           Conj           36%        2d5       4%          2

Your spell library contained the following spells:

 Spells                   Type           Power      Damage    Failure   Level
 Summon Small Mammal      Summ           8%         N/A       16%         1
 Dazzling Flash           Conj/Hex       20%        N/A       21%         3
 Call Canine Familiar     Summ           2%         N/A       43%         3
 Summon Guardian Golem    Hex/Summ       2%         N/A       43%         3
 Fulminant Prism          Conj/Hex       5%         3d7       56%         4
 Iskenderun's Mystic Bla  Conj/Tloc      10%        2d4       56%         4


Dungeon Overview and Level Annotations

Branches:
Dungeon (6/15)
 Temple: D:4-7

Altars:

Annotations:
D:3 1 runed translucent door, RepHenryClay's ghost, amateur DjEE
D:4 4 exclusions, Sigmund


Innate Abilities, Weirdness & Mutations

You cannot wear most types of armour.
You are amphibious.
You can wear up to eight rings at the same time.
Your skin changes colour to match your surroundings (Stealth+).
Your rubbery body absorbs attacks. (AC +1, EV +1)
((You are camouflaged when in or above water. (Stealth+)))
You have tentacles for arms and can constrict up to eight enemies at once.


Message History

You see here 9 stones.
Found 2 javelins.
You see here a +0 mace.
You now have 253 gold pieces (gained 4).
Found a scale mail.
A steam dragon comes into view.
Found a scroll of enchant weapon and a runed wooden wand.
The steam dragon hisses angrily.
You aren't carrying any items that you can evoke.
You shoot an arrow.
The arrow barely misses the steam dragon.
You shoot an arrow. The arrow hits the steam dragon!
The steam dragon is moderately wounded.
You shoot an arrow. The arrow hits the steam dragon.
The steam dragon is heavily wounded.
The steam dragon breathes steam at you. The ball of steam hits you!
You shoot an arrow.
The arrow barely misses the steam dragon.
You shoot an arrow. The arrow hits the steam dragon!
The steam dragon is severely wounded.
The steam dragon closely misses you. x2
You shoot an arrow.
The arrow completely misses the steam dragon.
The steam dragon bites you but does no damage.
The steam dragon closely misses you.
You shoot an arrow. The arrow hits the steam dragon.
The steam dragon is almost dead.
The steam dragon breathes steam at you. The ball of steam hits you!!
The steam dragon bites you!
* * * LOW HITPOINT WARNING * * *
The steam dragon claws you but does no damage.
You are too injured to fight recklessly!
Fire: d) +2 longbow
Press: ? - help, Q - select action, (/) - cycle Shift-Dir - straight line, f/p - steam dragon
Aim: a steam dragon (almost dead, 62% to hit)
You shoot an arrow.
The arrow closely misses the steam dragon.
You are engulfed in a cloud of scalding steam.
You die...

.#..# #.#.# #
....###.#.####.#
...###.........#
.#..........####
.#.....##.....#
...##..##.#.#.##########
..........#.#.##§§......
######.##.#.#..§§§......
... ......#...#§@§[.....
##. ..##....###.D.......
##.#.# #^........ .. #.
#......... .. ##........
. #........ .........
......... ..?...../


You could see a steam dragon.

Vanquished Creatures
  A water moccasin (D:5)
  2 ogres (D:5)
  2 hounds
  3 iguanas
  2 adders
  A shadow imp (D:6)
  3 worms
  A dart slug (D:2)
  An orc (D:4)
  3 ball pythons
  6 bats
  9 endoplasms
  2 giant cockroaches (D:4)
  6 goblins
  8 hobgoblins
  8 kobolds
  3 quokkas
  A frilled lizard (D:2)
  4 rats
66 creatures vanquished.

Notes
Turn   | Place    | Note
-------+----------+-------------------------------------------
     0 | D:1      | Midn8 the Octopode Conjurer began the quest for the Orb.
     0 | D:1      | Reached XP level 1. HP: 11/11 MP: 3/3
   243 | D:1      | Reached XP level 2. HP: 17/17 MP: 5/5
   346 | D:1      | Learned a level 2 spell: Searing Ray
   368 | D:1      | Reached skill level 1 in Ranged Weapons
  1300 | D:2      | Reached skill level 2 in Ranged Weapons
  1401 | D:2      | Reached XP level 3. HP: 21/21 MP: 6/6
  2423 | D:3      | Reached skill level 3 in Ranged Weapons
  2685 | D:3      | Reached XP level 4. HP: 27/27 MP: 7/7
  2837 | D:3      | Found a runed translucent door.
  2840 | D:3      | Noticed RepHenryClay's ghost (amateur DjEE)
  3147 | D:4      | Noticed Sigmund
  3387 | D:4      | Reached skill level 4 in Ranged Weapons
  3396 | D:4      | Identified the +0 robe "Ceag" {rPois rF+ Regen+ Int+3}
  3415 | D:4      | Reached XP level 5. HP: 31/31 MP: 8/8
  3457 | D:5      | Entered Level 5 of the Dungeon
  3460 | D:5      | Noticed a water moccasin
  3469 | D:5      | Killed a water moccasin
  3470 | D:5      | Reached skill level 5 in Ranged Weapons
  3470 | D:5      | Reached XP level 6. HP: 33/36 MP: 6/9
  3520 | D:5      | Reached skill level 6 in Ranged Weapons
  3679 | D:5      | You fall into a shaft and drop 1 floor!
  3712 | D:6      | Reached XP level 7. HP: 45/45 MP: 10/10
  4017 | D:5      | Noticed a steam dragon
  4026 | D:5      | Engulfed by a steam dragon's steam

Illustrated notes

Levels and vault maps discovered:
D:1:      eino_arrival_cavern_d, layout_loops_corners
D:2:      layout_loops_corners, grunt_ministairs_8
D:3:      layout_basic, ebering_ghost_reflecting_pool, kennysheep_generic_room_4
D:4:      wad_river_or_something, layout_basic, uniq_sigmund
D:5:      layout_basic, minmay_temple_entry_slanted, kennysheep_generic_room_3
D:6:      layout_loops_corners

Skill      XL: |  1  2  3  4  5  6  7 |
---------------+----------------------+-----
Stealth        | 3 |  3.5
Ranged Weapons | 2 3 4 5 6 |  6.0
Fighting       | 2 3 |  3.0
Dodging        | |  2.6
Spellcasting   | |  2.0
Conjurations   | |  4.0

Action                     |  1- 3 |  4- 6 |  7- 9 || total
---------------------------+-------+-------+-------++-------
   Fire: Longbow           |    57 |    45 |    19 ||   121
   Cast: Magic Dart        |    12 |     5 |       ||    17
         Searing Ray       |     7 |     6 |       ||    13
    Use: Scroll            |     9 |     2 |       ||    11
 Armour: Skin              |     2 |       |     3 ||     5
  Dodge: Dodged            |    10 |    10 |     3 ||    23

Table legend: (Time is in decaauts)
 A = Elapsed time spent in this place.
 B = Non-inter-level travel time spent in this place.
 C = Inter-level travel time spent in this place.
 D = Time resting spent in this place.
 E = Time spent auto-exploring this place.
 F = Levels seen in this place.
 G = Mean time per level.
                   A        B        C        D        E       F      G
               +--------+--------+--------+--------+--------+-----+--------+
         Total |   4088 |   3871 |    217 |    780 |   2512 |   6 |  681.3 |
       Dungeon |   4088 |   3871 |    217 |    780 |   2512 |   6 |  681.3 |
               +--------+--------+--------+--------+--------+-----+--------+

Top non-repeatable levels by time:
     D:1: 1195 daAuts
     D:2: 1044 daAuts
     D:3: 833 daAuts
     D:5: 453 daAuts
     D:4: 432 daAuts
     D:6: 129 daAuts
